 Dungeon Crawl Stone Soup version 0.28-a0-1087-gf3fc490d9d (webtiles) character file.

Game seed: 859295760472916163

3415 karrick the Basher (level 10, -2/64 HPs)
             Began as a Gargoyle Fighter on Dec 11, 2021.
             Slain by a two-headed ogre (25 damage)
             ... on level 10 of the Dungeon.
             The game lasted 00:26:05 (11014 turns).

karrick the Basher (Gargoyle Fighter)              Turns: 11014, Time: 00:26:05

Health: -2/64      AC: 19    Str: 21    XL:     10   Next: 5%
Magic:  10/10      EV: 12    Int:  8    God:
Gold:   291        SH:  7    Dex: 13    Spells: 9/9 levels left

rFire   . . .      SeeInvis .   a - +0 flail
rCold   . . .      Faith    .   k - +2 buckler {reflect}
rNeg    + . .      Spirit   .   o - +4 ring mail
rPois   ∞          Reflect  +   d - +0 helmet
rElec   +          Harm     .   (no cloak)
rCorr   .          Rampage  .   (no gloves)
Will    .....      Clarity  +   (no boots)
Stlth   +.........              (no amulet)
HPRegen 0.20/turn               (no ring)
MPRegen 0.12/turn               (no ring)

@: unable to read
A: sickness immunity, AC +7, negative energy resistance 1, electricity
resistance, torment resistance 1, petrification resistance, clarity, inability
to read while threatened
a: no special abilities


You were on level 10 of the Dungeon.
You visited 2 branches of the dungeon, and saw 12 of its levels.

You collected 351 gold pieces.
You spent 60 gold pieces at shops.

Inventory:

Hand Weapons
 a - a +0 flail (weapon)
Armour
 b - a +0 scale mail
 d - a +0 helmet (worn)
 k - a +2 buckler of reflection (worn)
 o - a +4 ring mail (worn)
Jewellery
 c - a ring of fire
 l - a ring of magical power
 v - a +6 ring of intelligence
Wands
 j - a wand of flame (15)
 s - a wand of polymorph (15)
Scrolls
 e - a scroll of blinking {unknown}
 f - 4 scrolls of identify {unknown}
 g - a scroll of immolation {unknown}
 h - a scroll of enchant weapon {unknown}
 i - a scroll of enchant armour {unknown}
 m - a scroll of silence {unknown}
 n - a scroll of fear {unknown}
 p - a scroll of magic mapping {unknown}
 r - a scroll of noise {unknown}


   Skills:
 * Level 7.9 Fighting
 + Level 8.5 Maces & Flails
 + Level 7.2 Armour
 + Level 3.6 Dodging
 + Level 2.0 Stealth
 + Level 6.1 Shields


You had 9 spell levels left.
You didn't know any spells.
Your spell library contained the following spells:

 Spells                   Type           Power      Damage    Failure   Level
 Animate Skeleton         Necr           0%         N/A       54%         1
 Pain                     Necr           0%         1d4       54%         1
 Slow                     Hex            0%         N/A       54%         1
 Confusing Touch          Hex            0%         N/A       89%         3
 Gell's Gravitas          Tloc           0%         N/A       89%         3
 Lesser Beckoning         Tloc           0%         N/A       89%         3
 Ozocubu's Armour         Ice            0%         N/A       89%         3
 Teleport Other           Tloc           0%         N/A       89%         3
 Vampiric Draining        Necr           0%         2d6       89%         3
 Metabolic Englaciation   Hex/Ice        0%         N/A       100%        5
 Simulacrum               Ice/Necr       0%         N/A       100%        6
 Ozocubu's Refrigeration  Ice            0%         4d5       100%        7


Dungeon Overview and Level Annotations

Branches:
Dungeon (11/15)            Temple (1/1) D:7
   Lair: D:8-11         Orc: D:9-12

Altars:
Ashenzari
Cheibriados
Dithmenos
Elyvilon
Fedhas
Gozag
Hepliaklqana
Kikubaaqudgha
Makhleb
Nemelex Xobeh
Qazlal
Ru
Sif Muna
Trog
Uskayaw
Vehumet
Xom
Yredelemnul
Zin
The Shining One

Shops:
D:3 =*(?:

Annotations:
D:10 Snorg


Innate Abilities, Weirdness & Mutations

You are immune to sickness and miasma.
Your stone body is resilient. (AC +7)
You are immune to poison.
You resist negative energy. (rN+)
You are resistant to electric shocks. (rElec)
You are resistant to unholy torment.
You are immune to petrification.
You possess an exceptional clarity of mind.
You sometimes lose the ability to read scrolls when taking damage.


Message History

The two-headed ogre is lightly wounded.
You thump the two-headed ogre!
The two-headed ogre is moderately wounded.
The two-headed ogre hits you with a +0 giant club!!
The two-headed ogre barely misses you.
You barely miss the two-headed ogre.
The two-headed ogre is moderately wounded.
The two-headed ogre misses you.
The two-headed ogre hits you with a +0 giant club.
You sock the two-headed ogre!
The two-headed ogre is heavily wounded.
The two-headed ogre hits you with a +0 giant club. x2
You sock the two-headed ogre!
The two-headed ogre is severely wounded.
You hit the two-headed ogre.
The two-headed ogre is severely wounded.
The two-headed ogre hits you with a +0 giant club.
You feel threatened and lose the ability to read scrolls!
The two-headed ogre closely misses you.
You hit the two-headed ogre.
The two-headed ogre is severely wounded.
You block the two-headed ogre's attack.
The two-headed ogre hits you with a +0 giant club.
You hit the two-headed ogre.
The two-headed ogre is severely wounded.
The two-headed ogre completely misses you.
You block the two-headed ogre's attack.
You hit the two-headed ogre.
The two-headed ogre is severely wounded.
You can read scrolls again.
You hit the two-headed ogre.
The two-headed ogre is almost dead.
The two-headed ogre barely misses you.
The two-headed ogre hits you with a +0 giant club.
You hit the two-headed ogre.
The two-headed ogre is almost dead.
The two-headed ogre hits you but does no damage.
The two-headed ogre hits you with a +0 giant club!!
You feel threatened and lose the ability to read scrolls!
You die...

.T. #. $.# #.#
..# .. ..##.#
....# ### #...#
#..### #...##
#...## ##....##
##.@O###......#
#........###...#
####....## ..#
###..# .# #.....
# #....# #.####
#.# # #.#


You could see a two-headed ogre.

Vanquished Creatures
  A two-headed ogre (D:9)
  A wyvern (D:8)
  4 yaks
  A steam dragon (D:8)
  2 water moccasins (D:7)
  3 sky beasts
  2 ogres
  3 necrophages (D:6)
  A centaur (D:3)
  A kobold brigand (D:7)
  A gnoll sergeant (D:5)
  A wyvern zombie (D:7)
  3 killer bees (D:8)
  3 wights (D:9)
  A howler monkey (D:7)
  2 bullfrog skeletons (D:7)
  An orc priest (D:8)
  3 hounds
  Jessica (D:3)
  2 centaur skeletons (D:7)
  An iguana (D:5)
  An orc wizard (D:7)
  A hound skeleton (D:4)
  2 howler monkey zombies
  Robin (D:2)
  5 gnolls
  3 adders
  2 white imps
  An ufetubus (D:6)
  An adder skeleton (D:4)
  2 worms
  4 dart slugs
  12 orcs
  4 bats
  9 endoplasms
  3 giant cockroaches
  10 goblins
  7 hobgoblins
  A quokka (D:3)
  8 ball pythons
  3 frilled lizards
  9 kobolds
  A quokka skeleton (D:4)
  5 rats
133 creatures vanquished.

Vanquished Creatures (others)
  53 fungi (D:9)
  47 plants (D:9)
  4 toadstools (D:9)
104 creatures vanquished.

Grand Total: 237 creatures vanquished

Notes
Turn   | Place    | Note
-------+----------+-------------------------------------------
     0 | D:1      | karrick the Gargoyle Fighter began the quest for the Orb.
     0 | D:1      | Reached XP level 1. HP: 14/14 MP: 1/1
   171 | D:1      | Reached XP level 2. HP: 19/19 MP: 2/2
   588 | D:1      | Reached XP level 3. HP: 18/23 MP: 3/3
  1660 | D:2      | Noticed Robin
  1680 | D:2      | Reached XP level 4. HP: 3/29 MP: 4/4
  1694 | D:2      | HP: 1/29 [Robin (1)]
  1841 | D:3      | Found a faded altar of an unknown god.
  2036 | D:2      | Killed Robin
  2037 | D:2      | Reached skill level 3 in Maces & Flails
  2211 | D:3      | Found Nig Ozefutt's Magic Scroll Emporium.
  2220 | D:3      | Bought a scroll of teleportation for 30 gold pieces
  2220 | D:3      | Bought a scroll of teleportation for 30 gold pieces
  2226 | D:3      | Found Otzot's Book Emporium.
  2518 | D:3      | Found Etriocos's Antique Weapon Shoppe.
  2611 | D:3      | Found Piot's General Store.
  2771 | D:3      | Reached XP level 5. HP: 30/33 MP: 5/5
  2881 | D:3      | Noticed Jessica
  2892 | D:3      | Killed Jessica
  2912 | D:3      | Noticed a centaur
  2923 | D:3      | Killed a centaur
  2924 | D:3      | Reached skill level 4 in Maces & Flails
  3012 | D:3      | Found Megeduv's Jewellery Shoppe.
  3241 | D:4      | Reached skill level 1 in Dodging
  3241 | D:4      | Reached XP level 6. HP: 38/38 MP: 6/6
  3247 | D:4      | Reached skill level 1 in Stealth
  3884 | D:5      | Entered Level 5 of the Dungeon
  4632 | D:6      | Reached skill level 5 in Armour
  4655 | D:6      | Noticed a wyvern
  4658 | D:6      | Noticed a sky beast
  4732 | D:6      | Noticed a necrophage
  4754 | D:6      | Killed a necrophage
  4755 | D:6      | Reached XP level 7. HP: 44/44 MP: 7/7
  4871 | D:6      | Reached skill level 5 in Maces & Flails
  5467 | D:4      | Found a shimmering altar of Xom.
  5813 | D:4      | Found a hide-covered altar of Uskayaw.
  6391 | D:5      | Reached XP level 8. HP: 24/48 MP: 8/8
  6607 | D:5      | Noticed a vampire
  6737 | D:6      | Reached skill level 5 in Fighting
  6755 | D:6      | You fall into a shaft and drop 1 floor!
  6818 | D:7      | Reached skill level 6 in Maces & Flails
  7032 | D:7      | Reached skill level 5 in Shields
  7304 | D:7      | Found a staircase to the Ecumenical Temple.
  7313 | Temple   | Entered the Ecumenical Temple
  7432 | D:7      | Reached skill level 7 in Maces & Flails
  7462 | D:7      | Reached XP level 9. HP: 55/55 MP: 9/9
  7884 | D:8      | Noticed a two-headed ogre
  9711 | D:9      | Noticed a two-headed ogre
  9906 | D:7      | Reached skill level 8 in Maces & Flails
 10071 | D:9      | Killed a two-headed ogre
 10072 | D:9      | Reached XP level 10. HP: 9/64 MP: 10/10
 10362 | D:9      | Gained mutation: You sometimes lose the ability to read
                  | scrolls when taking damage. [potion of mutation]
 10362 | D:9      | Gained mutation: You possess an exceptional clarity of
                  | mind. [potion of mutation]
 10388 | D:10     | Entered Level 10 of the Dungeon
 10655 | D:10     | Noticed a two-headed ogre
 10992 | D:10     | Noticed Snorg
 11014 | D:10     | Slain by a two-headed ogre

Illustrated notes

Levels and vault maps discovered:
D:1:      dpeg_arrival_simpleton_a, layout_basic
D:2:      layout_rooms, kennysheep_boxes, uniq_robin
D:3:      layout_loops_cross, serial_shops, nicolae_shop_stone,
          nicolae_lakefront_shop, shop, shop, nicolae_shop_advertising_works
          [nicolae_subvault_shop_adworks], hellmonk_ecumenical_altar_zigzags,
          uniq_jessica
D:4:      layout_basic, xom_teletrap_fun, mainiacjoe_overflow_alcove_2
D:5:      layout_cave_pools
D:6:      layout_gridville
D:7:      layout_loops_ring, minmay_temple_entry_large_hall
D:8:      layout_gridville
D:9:      layout_loops_ring, gammafunk_temple_overflow_pools,
          due_lair_maze_entry_diamond, orc_0_dummy, minmay_strange_pillars,
          hangedman_abyss_or_decor_slice, minmay_gold_behind_fungi,
          minivault_11, uniq_pikel
D:10:     layout_layer_cave, nicolae_zen_rock_garden, uniq_harold, uniq_snorg
D:11:     layout_roguey, uniq_fannar, uniq_erica
Temple:   mainiacjoe_temple_coin_purse

Skill      XL: |  1  2  3  4  5  6  7  8  9 |
---------------+----------------------------+-----
Armour         | 4 5 6 7 |  7.2
Maces & Flails | 3 4 5 7 8 |  8.5
Fighting       | 4 5 7 |  7.9
Dodging        | 1 2 3 |  3.6
Stealth        | 1 2 |  2.0
Shields        | 4 5 6 |  6.1

Action                   |  1- 3 |  4- 6 |  7- 9 | 10-12 || total
-------------------------+-------+-------+-------+-------++-------
Melee: Flail             |    98 |   203 |   412 |    25 ||   738
  Use: Potion            |     3 |     3 |     1 |     2 ||     9
       Scroll            |       |       |     1 |     1 ||     2
 Stab: Invisible         |       |     3 |       |       ||     3
Armor: Scale mail        |    58 |   115 |    67 |       ||   240
       Ring mail         |       |       |   135 |     8 ||   143
Dodge: Dodged            |    73 |   108 |   180 |    13 ||   374
Block: Buckler           |    19 |    47 |   140 |    10 ||   216
       Reflection        |       |       |     2 |       ||     2

Table legend: (Time is in decaauts)
 A = Elapsed time spent in this place.
 B = Non-inter-level travel time spent in this place.
 C = Inter-level travel time spent in this place.
 D = Time resting spent in this place.
 E = Time spent auto-exploring this place.
 F = Levels seen in this place.
 G = Mean time per level.
                   A        B        C        D        E       F      G
               +--------+--------+--------+--------+--------+-----+--------+
         Total |  11137 |  10729 |    408 |   2233 |   6527 |  12 |  928.1 |
       Dungeon |  11024 |  10629 |    395 |   2233 |   6441 |  11 | 1002.2 |
        Temple |    112 |     99 |     13 |      0 |     86 |   1 |  112.0 |
               +--------+--------+--------+--------+--------+-----+--------+

Top non-repeatable levels by time:
     D:8: 1832 daAuts
     D:4: 1600 daAuts
     D:3: 1436 daAuts
     D:7: 1399 daAuts
     D:1: 1231 daAuts
     D:6: 1177 daAuts
     D:5: 709 daAuts
     D:2: 702 daAuts
    D:11: 313 daAuts
    D:10: 312 daAuts
     D:9: 309 daAuts
  Temple: 112 daAuts
